 Dungeon Crawl Stone Soup version 0.18.1-5-g4a78601 (webtiles) character file.

98 RKaid the Skirmisher (level 4, -8/36 HPs)
             Began as a Demonspawn Wanderer on May 12, 2016.
             Killed by nerve-wracking pain
             ... invoked by an orc priest
              (10 damage)
             ... on level 3 of the Dungeon.
             The game lasted 00:05:32 (2532 turns).

RKaid the Skirmisher (Demonspawn Wanderer)          Turns: 2532, Time: 00:05:33

Health: -8/36      AC:  2    Str: 20    XL:     4   Next: 43%
Magic:  4/4        EV: 11    Int: 11    God:
Gold:   193        SH:  0    Dex: 13    Spells: 0 memorised, 3 levels left

rFire  . . .     SeeInvis .     a - +2 spear
rCold  . . .     Gourm    .     d - +0 robe
rNeg   . . .     Faith    .     (no shield)
rPois  .         Spirit   .     (no helmet)
rElec  .         Dismiss  .     (no cloak)
rCorr  .         Reflect  .     (no gloves)
SustAt .         Harm     .     (no boots)
MR     .....                    w - amulet of inaccuracy (curse)
Stlth  ++........               (no ring)
                                (no ring)

@: mighty, not resistant to hostile enchantments, unstealthy
A: demonic guardian 1, rot immunity
a: no special abilities


You were on level 3 of the Dungeon.
You were not hungry.

You visited 1 branch of the dungeon, and saw 3 of its levels.

You collected 193 gold pieces.

Inventory:

Hand Weapons
 a - a +2 spear (weapon)
 e - a +0 dagger
Armour
 d - a +0 robe (worn)
Jewellery
 h - an uncursed amulet of dismissal
   (You found it on level 1 of the Dungeon)
 w - a cursed amulet of inaccuracy (around neck)
   (You found it on level 3 of the Dungeon)
Wands
 c - a wand of random effects (15/48)
Scrolls
 t - a scroll of immolation {!r}
Potions
 g - a potion of might
 m - a potion of invisibility {unknown}
 s - 2 potions of brilliance
Books
 b - the Papyrus of the Dances

   Spells                             Type                      Level
   a - Sting                          Conjuration/Poison           1
   b - Mephitic Cloud                 Conjuration/Poison/Air       3
Comestibles
 f - 4 bread rations
 i - 2 meat rations
 j - 2 chunks of flesh
 k - a slice of pizza
 n - a royal jelly
 o - a beef jerky
 r - a fruit


   Skills:
 + Level 3.6 Fighting
 * Level 3.2 Polearms
 - Level 2.6 Stealth
   Level 1.0 Transmutations
   Level 1.7 Ice Magic
 - Level 1.0 Evocations


You had 3 spell levels left.
You didn't know any spells.

Dungeon Overview and Level Annotations

Branches:
Dungeon (3/15)

Altars:
Dithmenos
Makhleb
Nemelex Xobeh
Okawaru
Qazlal
Sif Muna
Vehumet


Innate Abilities, Weirdness & Mutations

A weak demonic guardian rushes to your aid.
You are immune to rotting.


Message History

You butcher the goblin corpse.
j - 2 chunks of flesh
Things that are here:
a club; a goblin skeleton You start resting.
A rat comes into view.
A rat is nearby!
You start resting.
You hit the rat.
You kill the rat!
You see here a rat corpse.
You butcher the rat corpse.
j - 3 chunks of flesh (gained 1)
You see here a rat skeleton.
You start resting.
Eating one of 3 chunks of flesh.
This raw flesh tastes terrible.
You continue eating. x2
Some of the chunks of flesh in your inventory have rotted away.
An adder comes into view.
The adder moves out of view.
f - 4 bread rations (gained 1)
A giant cockroach comes into view.
Found a stone staircase leading down.
All of the chunks of flesh in your inventory have rotted away.
The giant cockroach barely misses you.
You hit the giant cockroach but do no damage.
The giant cockroach closely misses you.
You hit the giant cockroach but do no damage.
The giant cockroach closely misses you.
You hit the giant cockroach. The giant cockroach closely misses you.
The giant cockroach bites you.
You hit the giant cockroach.
You kill the giant cockroach!
You see here a giant cockroach corpse.
You hit the adder but do no damage. The adder bites you.
The adder closely misses you.
You miss the adder. The adder bites you.
You are poisoned.
The adder poisons you!
You hit the adder.
You feel sick. The adder bites you.
You hit the adder but do no damage. The adder bites you.
You hit the adder.
You feel sick. The adder bites you.
You are more poisoned.
The adder poisons you! The adder barely misses you.
You hit the adder.
You kill the adder!
You feel sick.
You start resting.
You feel sick. x8
A bat comes into view.
A bat is nearby!
You feel sick.
You are no longer poisoned.
You start resting.
An orc comes into view. It is wielding a dagger.
The orc shouts!
The orc hits you but does no damage.
You barely miss the orc. The orc misses you.
You hit the orc. The orc hits you with a dagger.
You barely miss the orc. The orc barely misses you.
You hit the orc. The orc hits you with a dagger.
You closely miss the orc. The orc closely misses you.
You barely miss the orc. The orc hits you with a dagger.
You hit the orc.
You kill the orc!
Things that are here:
a dagger; an orc corpse You butcher the orc corpse.
j - 2 chunks of flesh You see here a dagger.
You start resting.
An orc comes into view. It is wielding a whip.
The orc shouts!
The orc throws a stone.
The stone barely misses you.
The orc throws a stone.
The stone hits you.
An orc priest comes into view. It is wielding a mace.
You see here a stone.
The orc throws a stone.
The stone misses you.
An orc comes into view.
You see here a stone.
The orc closely misses you.
You see here a stone.
You swap places.
The orc priest calls down the wrath of Beogh upon you.
Beogh smites you!
* * * LOW HITPOINT WARNING * * *
The orc throws a stone.
The stone misses your white imp. The stone closely misses you.
Your white imp hits the orc but does no damage.
You see here a stone.
The orc throws a stone.
The stone hits your white imp but does no damage.
Your white imp barely misses the orc.
The orc barely misses your white imp.
Your white imp hits the orc but does no damage.
Drink which item? (? for menu, Esc to quit)
It was a potion of might.
You feel very mighty all of a sudden.
The orc priest mumbles some strange prayers to Beogh against you.
Pain shoots through your body!
You die...

...##..##.# #...#
..>....#.######...# ##
#.....#........# #.
#......#.#†#.####..##
.##.#.####.#.#..###..#####
.#........................
...................####.#
##..#.....#....##...#
....o...@..........#
...###.####.)......##..#
....o..o((5........##..# #
..#########.(#.....##..####.#
#..#.....).........
#..##..#.#.########
.........#.# ##.......#.#
#.....###.#####


You could see an orc priest and a friendly white imp.

Vanquished Creatures
  4 adders
  2 giant geckos
  An orc (D:3)
  3 bats
  2 giant cockroaches
  4 hobgoblins
  4 jackals
  2 ball pythons
  A giant newt (D:1)
  7 goblins
  2 kobolds
  7 rats
39 creatures vanquished.

Vanquished Creatures (collateral kills)
  A crimson imp (D:3)
  A hobgoblin (D:3)
2 creatures vanquished.

Grand Total: 41 creatures vanquished

Notes
Turn   | Place    | Note
--------------------------------------------------------------
     0 | D:1      | RKaid the Demonspawn Wanderer began the quest for the Orb.
     0 | D:1      | RKaid set off with: a +2 spear, the Papyrus of the Dances, a wand of random effects (15/48), a +0 robe, a +0 dagger, a bread ration
     0 | D:1      | Reached XP level 1. HP: 18/18 MP: 1/1
     0 | D:1      | Identified the Papyrus of the Dances
   204 | D:1      | Reached skill level 1 in Polearms
   319 | D:1      | Gained mutation: A weak demonic guardian rushes to your aid. [demonic ancestry]
   319 | D:1      | Reached XP level 2. HP: 16/24 MP: 2/2
   435 | D:1      | HP: 3/24 [hobgoblin/club (4)]
   988 | D:2      | Reached skill level 2 in Polearms
  1064 | D:2      | Reached XP level 3. HP: 26/29 MP: 3/3
  1596 | D:2      | Found a radiant altar of Vehumet.
  1608 | D:2      | Found a deep blue altar of Sif Muna.
  1608 | D:2      | Found a burning altar of Makhleb.
  1608 | D:2      | Found a sparkling altar of Nemelex Xobeh.
  1608 | D:2      | Found a shadowy altar of Dithmenos.
  1609 | D:2      | Found an iron altar of Okawaru.
  1610 | D:2      | Found a stormy altar of Qazlal.
  1661 | D:3      | Noticed an orc warrior
  1662 | D:3      | HP: 3/29 [orc/whip (5)]
  2087 | D:3      | Gained mutation: You are immune to rotting. [demonic ancestry]
  2087 | D:3      | Reached XP level 4. HP: 32/35 MP: 4/4
  2115 | D:3      | Reached skill level 3 in Polearms
  2128 | D:3      | HP: 8/36 [goblin/club (4)]
  2133 | D:3      | HP: 7/36 [goblin/club (2)]
  2528 | D:3      | HP: 2/36 [orc priest/divine providence (14)]
  2532 | D:3      | Killed from afar by an orc priest

Skill      XL: |  1  2  3  4 |
---------------+-------------+-----
Polearms       | 1 2 3 |  3.2
Fighting       | |  3.6
Stealth        | |  2.6
Transmutations | |  1.0
Ice Magic      | |  1.7
Evocations     | |  1.0

Action                   |  1- 3 |  4- 6 || total
-------------------------+-------+-------++-------
Melee: Spear             |   113 |    53 ||   166
  Use: Scroll            |     3 |     3 ||     6
       Potion            |       |     1 ||     1
 Stab: Sleeping          |     6 |       ||     6
       Distracted        |     1 |       ||     1
  Eat: Chunk             |     4 |     1 ||     5
Armor: Robe              |    19 |     7 ||    26
Dodge: Dodged            |    50 |    41 ||    91

Vault maps used:
D:1:      lemuel_arrival_river_bridge, monster_avoids_cloud
D:2:      minitemple

Table legend:
 A = Turns spent in this place as a percentage of turns spent in the entire game.
 B = Non-inter-level travel turns spent in this place as a percentage of non-inter-level travel turns spent in the entire game.
 C = Inter-level travel turns spent in this place as a percentage of turns spent in this place.
 D = Turns resting spent in this place as a percentage of non-inter-level travel turns spent in this place.
 E = Turns spent auto-exploring this place as a percentage of non-inter-level travel turns spent in this place.
 F = Non-inter-level travel turns spent in this place divided by the number of levels of this place that you've seen.
                   A       B       C       D       E      F
               +-------+-------+-------+-------+-------+----------------------
         Total | 100.0 | 100.0 |   0.5 |   4.9 |   8.5 | 184.3
       Dungeon | 100.0 | 100.0 |   0.5 |   4.9 |   8.5 | 184.3
               +-------+-------+-------+-------+-------+----------------------

Table legend:
 A = Kills in this place as a percentage of kills in entire the game.
 B = Kills by you in this place as a percentage of kills by you in the entire game.
 C = Kills by friends in this place as a percentage of kills by friends in the entire game.
 D = Other kills in this place as a percentage of other kills in the entire game.
 E = Experience gained in this place as a percentage of experience gained in the entire game.
 F = Experience gained in this place divided by the number of levels of this place that you have seen.
                   A       B       C       D       E      F
               +-------+-------+-------+-------+-------+----------------------
         Total | 100.0 | 100.0 | 100.0 |  -nan | 100.0 |  46.7
       Dungeon | 100.0 | 100.0 | 100.0 |  -nan | 100.0 |  46.7
               +-------+-------+-------+-------+-------+----------------------
